AA
WINNIPEG GOLDEYES @ LINCOLN SALTDOGS
06/15/2072
 
TOP OF THE 1ST
New York Yankees batting - Pitching for Tampa Bay Rays : RHP Chris Flores
Pitching: RHP Chris Flores
Batting: RHB Antonio Giron 0-0: Ball
1-0: Ball
2-0: Ball
3-0: Called Strike
3-1: Fly out, F6 (Line Drive, 6, EV 62.5 MPH)
Batting: RHB Dustin Scheu 0-0: Called Strike
0-1: Ball
1-1: Swinging Strike
1-2: Ball
2-2: Ball
3-2: Ground out 5-3 (Groundball, 5, EV 91.2 MPH)
Batting: LHB Wade Thorndyke 0-0: Ball
1-0: Foul Ball, location: 2F
1-1: Foul Ball, location: 2F
1-2: Strikes out swinging
Top of the 1st over - 0 runs, 0 hits, 0 errors, 0 left on base; New York 0 - Tampa Bay 0
BOTTOM OF THE 1ST
Tampa Bay Rays batting - Pitching for New York Yankees : RHP Nohelani Pakelika
Pitching: RHP Nohelani Pakelika
Batting: SHB Glen Wright 0-0: Ball
1-0: Foul Ball, location: 2F
1-1: SOLO HOME RUN (Flyball, 9LD, EV 101.9 MPH), Distance : 353 ft
Batting: RHB Tony Solorzano 0-0: Ball
1-0: Ground out 5-3 (Groundball, 56S, EV 83.1 MPH)
Batting: LHB Orlando Juarez 0-0: Foul Ball, location: 2F
0-1: DOUBLE (Line Drive, 89M, EV 94.4 MPH)
Batting: LHB Chris Short 0-0: Fly out, F3 (Flyball, 3D, EV 93.1 MPH)
Batting: RHB Arturo Coranillo 0-0: Ball
1-0: Swinging Strike
1-1: DOUBLE (Line Drive, 7LM, EV 105.6 MPH)
Orlando Juarez scores
Batting: LHB Adrian Prine 0-0: Called Strike
0-1: Swinging Strike
0-2: Ball
1-2: Foul Ball, location: 2F
1-2: Strikes out swinging
Bottom of the 1st over - 2 runs, 3 hits, 0 errors, 1 left on base; New York 0 - Tampa Bay 2
TOP OF THE 2ND
New York Yankees batting - Pitching for Tampa Bay Rays : RHP Chris Flores
Batting: LHB Luis Ruiz 0-0: Ball
1-0: Foul Ball, location: 2F
1-1: Swinging Strike
1-2: Strikes out looking
Batting: RHB Jose Matias 0-0: Ground out 6-3 (Groundball, 6S, EV 90.6 MPH)
Batting: RHB Tristan McClatchey 0-0: Ball
1-0: Foul Ball, location: 2F
1-1: Foul Ball, location: 2F
1-2: Ball
2-2: Ground out 5-3 (Groundball, 56S, EV 91.2 MPH)
Top of the 2nd over - 0 runs, 0 hits, 0 errors, 0 left on base; New York 0 - Tampa Bay 2
BOTTOM OF THE 2ND
Tampa Bay Rays batting - Pitching for New York Yankees : RHP Nohelani Pakelika
Batting: RHB Prospero Marrozim 0-0: Swinging Strike
0-1: Foul Ball, location: 2F
0-2: Strikes out swinging
Batting: LHB Jason Strang 0-0: Ball
1-0: Called Strike
1-1: Ball
2-1: Foul Ball, location: 2F
2-2: Foul Ball, location: 2F
2-2: Fly out, F8 (Flyball, 78S, EV 79.4 MPH)
Batting: RHB Alan Wiederhold 0-0: Called Strike
0-1: Called Strike
0-2: Ball
1-2: Foul Ball, location: 2F
1-2: Fly out, F8 (Line Drive, 8LM, EV 107.5 MPH)
Bottom of the 2nd over - 0 runs, 0 hits, 0 errors, 0 left on base; New York 0 - Tampa Bay 2
TOP OF THE 3RD
New York Yankees batting - Pitching for Tampa Bay Rays : RHP Chris Flores
Batting: SHB Matt Montagna 0-0: Called Strike
0-1: Swinging Strike
0-2: Ball
1-2: Ball
2-2: Foul Ball, location: 2F
2-2: Strikes out looking
Batting: LHB David Shea 0-0: Foul Ball, location: 2F
0-1: Called Strike
0-2: Ball
1-2: Foul Ball, location: 2F
1-2: Strikes out swinging
Batting: RHB Matt Chandler 0-0: Ball
1-0: Called Strike
1-1: SINGLE (Line Drive, 8LS, EV 110.6 MPH)
Batting: RHB Antonio Giron 0-0: Called Strike
Matt Chandler steals 2nd base
0-1: Ball
1-1: Swinging Strike
1-2: Ball
2-2: SINGLE (Line Drive, 78M, EV 108.1 MPH)
Matt Chandler to third
Runner from 3rd tries for Home, throw by CF and OUT! 8-2
Top of the 3rd over - 0 runs, 2 hits, 0 errors, 1 left on base; New York 0 - Tampa Bay 2
BOTTOM OF THE 3RD
Tampa Bay Rays batting - Pitching for New York Yankees : RHP Nohelani Pakelika
Batting: SHB Glen Wright 0-0: Ball
1-0: Ball
2-0: Ground out 6-3 (Groundball, 6, EV 83.1 MPH)
Batting: RHB Tony Solorzano 0-0: Fly out, F8 (Line Drive, 8RD, EV 94.4 MPH)
Batting: LHB Orlando Juarez 0-0: Ball
1-0: Ball
2-0: Foul Ball, location: 2F
2-1: Foul Ball, location: 2F
2-2: Strikes out looking
Bottom of the 3rd over - 0 runs, 0 hits, 0 errors, 0 left on base; New York 0 - Tampa Bay 2
TOP OF THE 4TH
New York Yankees batting - Pitching for Tampa Bay Rays : RHP Chris Flores
Batting: RHB Dustin Scheu 0-0: Swinging Strike
0-1: Foul Ball, location: 2F
0-2: Ball
1-2: Strikes out swinging
Batting: LHB Wade Thorndyke 0-0: Called Strike
0-1: Foul Ball, location: 2F
0-2: Ball
1-2: Ball
2-2: Foul Ball, location: 2F
2-2: Strikes out swinging
Batting: LHB Luis Ruiz 0-0: Ball
1-0: Called Strike
1-1: Foul Ball, location: 2F
1-2: Ball
2-2: Ball
3-2: SINGLE (Line Drive, 7S, EV 93.8 MPH)
Batting: RHB Jose Matias 0-0: Swinging Strike
0-1: Fly out, F8 (Flyball, 8LXD, EV 92.5 MPH)
Top of the 4th over - 0 runs, 1 hit, 0 errors, 1 left on base; New York 0 - Tampa Bay 2
BOTTOM OF THE 4TH
Tampa Bay Rays batting - Pitching for New York Yankees : RHP Nohelani Pakelika
Batting: LHB Chris Short 0-0: Ball
1-0: Ball
2-0: Called Strike
2-1: SINGLE (Line Drive, 56D, EV 101.9 MPH)
Batting: RHB Arturo Coranillo 0-0: Foul Ball, location: 2F
0-1: Ball
1-1: Swinging Strike
1-2: Ball
2-2: Ball
3-2: Base on Balls
Chris Short to second
Batting: LHB Adrian Prine 0-0: Foul Ball, location: 2F
0-1: 3-RUN HOME RUN (Flyball, 7D, EV 95.6 MPH), Distance : 423 ft
Batting: RHB Prospero Marrozim 0-0: Ball
1-0: Fly out, F9 (Line Drive, 9D, EV 98.8 MPH)
Pitching: RHP Ernie Starr
Batting: LHB Jason Strang 0-0: Ball
1-0: Foul Ball, location: 2F
1-1: Swinging Strike
1-2: Ball
2-2: Strikes out swinging
Batting: RHB Alan Wiederhold 0-0: Ball
1-0: Ball
2-0: Foul Ball, location: 2F
2-1: Ball
3-1: Foul Ball, location: 2F
3-2: Ground out 6-3 (Groundball, 6, EV 110.0 MPH)
Bottom of the 4th over - 3 runs, 2 hits, 0 errors, 0 left on base; New York 0 - Tampa Bay 5
TOP OF THE 5TH
New York Yankees batting - Pitching for Tampa Bay Rays : RHP Chris Flores
Pitching: RHP Marcus Giles
Batting: RHB Tristan McClatchey 0-0: Ball
1-0: SINGLE (Groundball, 56D, EV 104.4 MPH)
Batting: SHB Matt Montagna 0-0: Foul Ball, location: 2F
0-1: Foul Ball, location: 2F
0-2: Foul Ball, location: 2F
0-2: Strikes out swinging
Batting: LHB David Shea 0-0: Foul Ball, location: 2F
0-1: Ball
1-1: Foul Ball, location: 2F
1-2: Strikes out swinging
Pitching: LHP Todd Carlisle
Batting: RHB Matt Chandler 0-0: Called Strike
0-1: Foul Ball, location: 2F
0-2: Foul Ball, location: 2F
0-2: Foul Ball, location: 2F
0-2: Ball
1-2: Foul Ball, location: 2F
1-2: Ground out 3-1 (Groundball, 34, EV 103.8 MPH)
Top of the 5th over - 0 runs, 1 hit, 0 errors, 1 left on base; New York 0 - Tampa Bay 5
BOTTOM OF THE 5TH
Tampa Bay Rays batting - Pitching for New York Yankees : RHP Ernie Starr
Batting: SHB Glen Wright 0-0: Foul Ball, location: 2F
0-1: Swinging Strike
0-2: Ball
1-2: Foul Ball, location: 2F
1-2: Strikes out looking
Batting: RHB Tony Solorzano 0-0: Swinging Strike
0-1: Ball
1-1: Ball
2-1: Swinging Strike
2-2: Strikes out swinging
Batting: LHB Orlando Juarez 0-0: Called Strike
0-1: Foul Ball, location: 2F
0-2: Ball
1-2: Strikes out swinging
Bottom of the 5th over - 0 runs, 0 hits, 0 errors, 0 left on base; New York 0 - Tampa Bay 5
TOP OF THE 6TH
New York Yankees batting - Pitching for Tampa Bay Rays : LHP Todd Carlisle
Batting: RHB Antonio Giron 0-0: Ball
1-0: Ball
2-0: Called Strike
2-1: Called Strike
2-2: Ball
3-2: Base on Balls
Batting: RHB Dustin Scheu 0-0: Ball
1-0: Fielders Choice at 2nd, 1-6 (Groundball, 34S, EV 69.4 MPH)
Batting: LHB Wade Thorndyke 0-0: Swinging Strike
0-1: Ball
1-1: Ball
2-1: Ball
3-1: Called Strike
3-2: Fly out, F8 (Line Drive, 8LD, EV 110.6 MPH)
Batting: LHB Luis Ruiz 0-0: Ball
Dustin Scheu steals 2nd base
1-0: Foul Ball, location: 2F
1-1: Swinging Strike
1-2: Ball
2-2: Ball
3-2: Strikes out looking
Top of the 6th over - 0 runs, 0 hits, 0 errors, 1 left on base; New York 0 - Tampa Bay 5
BOTTOM OF THE 6TH
Tampa Bay Rays batting - Pitching for New York Yankees : RHP Ernie Starr
Batting: LHB Chris Short 0-0: Ball
1-0: Foul Ball, location: 2F
1-1: Swinging Strike
1-2: Ball
2-2: Ball
3-2: Foul Ball, location: 2F
3-2: Strikes out looking
Batting: RHB Arturo Coranillo 0-0: DOUBLE (Flyball, 78XD, EV 110.6 MPH)
Batting: LHB Adrian Prine 0-0: Called Strike
0-1: Fly out, F8 (Flyball, 8LS, EV 91.2 MPH)
Batting: RHB Prospero Marrozim 0-0: Ball
1-0: Ball
2-0: SINGLE (Groundball, 56D, EV 95.6 MPH)
Arturo Coranillo to third
Pitching: LHP Steve Clark
Batting: LHB Jason Strang 0-0: Reached on error, E4 (Groundball, 4, EV 105.0 MPH)
Arturo Coranillo scores
Prospero Marrozim to second
Batting: RHB Alan Wiederhold 0-0: Ball
1-0: Foul Ball, location: 2F
1-1: Ball
2-1: Ball
3-1: Base on Balls
Prospero Marrozim to third
Jason Strang to second
Pinch Hitting: LHB David Baer 0-0: Swinging Strike
0-1: Foul Ball, location: 2F
0-2: Strikes out swinging
Bottom of the 6th over - 1 run, 2 hits, 1 error, 3 left on base; New York 0 - Tampa Bay 6
TOP OF THE 7TH
New York Yankees batting - Pitching for Tampa Bay Rays : LHP Todd Carlisle
Now in CF: David Baer
Batting: RHB Jose Matias 0-0: Ball
1-0: Ball
2-0: Called Strike
2-1: Ball
3-1: Foul Ball, location: 2F
3-2: Foul Ball, location: 2F
3-2: Fly out, F7 (Flyball, 7, EV 82.5 MPH)
Batting: RHB Tristan McClatchey 0-0: Foul Ball, location: 2F
0-1: Swinging Strike
0-2: Ball
1-2: Ground out 1-3 (Groundball, 13, EV 73.8 MPH)
Batting: SHB Matt Montagna 0-0: Called Strike
0-1: Foul Ball, location: 2F
0-2: Ball
1-2: Fly out, F4 (Flyball, 4D, EV 89.4 MPH)
Top of the 7th over - 0 runs, 0 hits, 0 errors, 0 left on base; New York 0 - Tampa Bay 6
BOTTOM OF THE 7TH
Tampa Bay Rays batting - Pitching for New York Yankees : LHP Steve Clark
Batting: RHB Tony Solorzano 0-0: Ball
1-0: Called Strike
1-1: SOLO HOME RUN (Flyball, 78XD, EV 89.4 MPH), Distance : 444 ft
Pinch Hitting: RHB Jim Bryant 0-0: Called Strike
0-1: Ball
1-1: Ball
2-1: Ball
3-1: Foul Ball, location: 2F
3-2: Strikes out swinging
Batting: LHB Jordan Mitchell 0-0: Ball
1-0: Ball
2-0: Called Strike
2-1: Fly out, F7 (Flyball, 7D, EV 85.0 MPH)
Batting: RHB Arturo Coranillo 0-0: Ball
1-0: Foul Ball, location: 2F
1-1: Called Strike
1-2: Ball
2-2: Ball
3-2: Base on Balls
Pinch Hitting: LHB Travis Swanson 0-0: Called Strike
0-1: Foul Ball, location: 2F
0-2: Ball
1-2: Foul Ball, location: 2F
1-2: Ball
2-2: Fielders Choice at 2nd, 6-4 (Groundball, 6, EV 91.2 MPH)
Bottom of the 7th over - 1 run, 1 hit, 0 errors, 1 left on base; New York 0 - Tampa Bay 7
TOP OF THE 8TH
New York Yankees batting - Pitching for Tampa Bay Rays : LHP Todd Carlisle
Now at 1B: Travis Swanson
Now in RF: Jim Bryant
Batting: LHB David Shea 0-0: Ball
1-0: Foul Ball, location: 2F
1-1: Swinging Strike
1-2: Ball
2-2: Strikes out looking
Pitching: LHP Sean Lebron
Batting: RHB Matt Chandler 0-0: Ball
1-0: Ball
2-0: Called Strike
2-1: Ground out 4-3 (Groundball, 4M, EV 103.8 MPH)
Pinch Hitting: LHB Jamie Connolly 0-0: Ball
1-0: SOLO HOME RUN (Flyball, 9LD, EV 98.1 MPH), Distance : 349 ft
Pinch Hitting: LHB Jonathan Lanosa 0-0: Called Strike
0-1: Foul Ball, location: 2F
0-2: Ground out 4-3 (Groundball, 34, EV 87.5 MPH)
Top of the 8th over - 1 run, 1 hit, 0 errors, 0 left on base; New York 1 - Tampa Bay 7
BOTTOM OF THE 8TH
Tampa Bay Rays batting - Pitching for New York Yankees : LHP Steve Clark
Now at 1B: Jamie Connolly
Now in LF: Jonathan Lanosa
Pinch Hitting: LHB Leo Banuelos 0-0: Called Strike
0-1: Fly out, F7 (Flyball, 7D, EV 92.5 MPH)
Batting: LHB Jason Strang 0-0: Ball
1-0: Foul Ball, location: 2F
1-1: Swinging Strike
1-2: Ball
2-2: Strikes out swinging
Pinch Hitting: RHB Alfredo Rosales 0-0: Called Strike
0-1: Ball
1-1: Called Strike
1-2: Ball
2-2: Fly out, F8 (Flyball, 8LXD, EV 92.5 MPH)
Bottom of the 8th over - 0 runs, 0 hits, 0 errors, 0 left on base; New York 1 - Tampa Bay 7
TOP OF THE 9TH
New York Yankees batting - Pitching for Tampa Bay Rays : LHP Sean Lebron
Now at 2B: Leo Banuelos
Now at SS: Alfredo Rosales
Pinch Hitting: RHB Terry Jones 0-0: Ball
1-0: Ball
2-0: Called Strike
2-1: Swinging Strike
2-2: Strikes out swinging
Batting: RHB Clay Leeson 0-0: Called Strike
0-1: Foul Ball, location: 2F
0-2: Foul Ball, location: 2F
0-2: Ball
1-2: Ball
2-2: Foul Ball, location: 2F
2-2: Strikes out swinging
Pinch Hitting: SHB Jon Collins 0-0: Foul Ball, location: 2F
0-1: DOUBLE (Line Drive, 9LS, EV 100.6 MPH)
Pinch Hitting: RHB David Blanchat 0-0: Swinging Strike
0-1: Called Strike
0-2: Ball
1-2: Strikes out swinging
Top of the 9th over - 0 runs, 1 hit, 0 errors, 1 left on base; New York 1 - Tampa Bay 7
Sunday, October 24th , 2021 - OOTP Baseball 22.10 Build 79